 Dungeon Crawl Stone Soup version 0.30-a0-134-gb40fab5c76 (webtiles) character file.

Game seed: 6082277119848304262

239 testman the Grave Robber (level 5, -3/35 HPs)
             Began as a Mummy Necromancer on Sept 19, 2022.
             Was a Believer of Dithmenos.
             Slain by a mummy (9 damage)
             ... on level 4 of the Dungeon.
             The game lasted 00:15:08 (3914 turns).

testman the Grave Robber (Mummy Necromancer)        Turns: 3914, Time: 00:15:08

Health: -3/35      AC:  4    Str: 11    XL:     5   Next: 79%
Magic:  12/12      EV: 12    Int: 17    God:    Dithmenos [**....]
Gold:   150        SH:  0    Dex: 12    Spells: 6/14 levels left

rFire   x . .      SeeInvis .    c - +0 dagger
rCold   + . .      Faith    +    (no shield)
rNeg    + + +      Spirit   .    a - +0 robe
rPois   ∞          Reflect  .    (no helmet)
rElec   .          Harm     .    b - +0 cloak
rCorr   .          Rampage  .    (no gloves)
Will    .....                    f - +0 pair of boots
Stlth   ++........               j - amulet of magic regeneration
HPRegen 0.11/turn                (no ring)
MPRegen 0.53/turn                (no ring)

@: wreathed by umbra
A: cold resistance 1, negative energy resistance 3, torment resistance 2, heat
vulnerability 1, in touch with death 1, no potions, faith
a: Renounce Religion, Shadow Step


You were on level 4 of the Dungeon.
You worshipped Dithmenos.
Dithmenos was pleased with you.
You visited 1 branch of the dungeon, and saw 4 of its levels.

You collected 150 gold pieces.

Inventory:

Hand Weapons
 c - a +0 dagger (weapon)
 d - a +2 dagger of holy wrath
Armour
 a - a +0 robe (worn)
 b - a +0 cloak (worn)
 e - the -2 helmet of Zoiwk {Str+5 Dex+4}
   (You found it on level 3 of the Dungeon)

   Str:       It affects your strength (+5).
   Dex:       It affects your dexterity (+4).
 f - a +0 pair of boots (worn)
Jewellery
 j - an amulet of magic regeneration (around neck)
Scrolls
 g - 3 scrolls of identify
 h - a scroll of teleportation
 i - a scroll of blinking


   Skills:
 + Level 0.0 Short Blades
 - Level 1.5 Dodging
 - Level 1.5 Stealth
 + Level 5.3 Spellcasting
 + Level 5.5 Necromancy
 + Level 1.4 Invocations


You had 6 spell levels left.
You knew the following spells:

 Your Spells              Type           Power      Damage    Failure   Level
a - Necrotise             Necr           100%       1d9       1%          1
b - Vampiric Draining     Necr           35%        2d8       4%          3
c - Animate Dead          Necr           35%        N/A       14%         4

Your spell library contained the following spells:

 Spells                   Type           Power      Damage    Failure   Level
 Agony                    Necr           35%        N/A       36%         5
 Ignite Poison            Fire/Tmut/Pois 4%         N/A       38%         3
 Mephitic Cloud           Conj/Pois/Air  4%         N/A       38%         3
 Freezing Cloud           Conj/Ice/Air   2%         6-21      98%         5


Dungeon Overview and Level Annotations

Branches:
Dungeon (4/15)
 Temple: D:4-7

Altars:
Dithmenos
Fedhas
Gozag
Hepliaklqana
Trog
Xom

Portals:
Ossuary: D:4


Innate Abilities, Weirdness & Mutations

You are immune to poison.
Your flesh is cold resistant. (rC+)
You are immune to negative energy. (rN+++)
You are immune to unholy pain and torment.
You are vulnerable to heat. (rF-)
You are in touch with the powers of death.
You do not drink.
You have a special connection with the divine. (Faith)


Message History

You feel a surge of power!
The endoplasm writhes in agony.
Unknown command.
Aiming: Necrotise (safe; 1% risk of failure)
Press: ? - help, Q - select action, (/) - cycle Shift-Dir - straight line, f/p - endoplasm
Aim: an endoplasm (almost dead, chance to affect: 93%)
You feel a surge of power!
The endoplasm writhes in agony.
You kill the endoplasm!
Dithmenos accepts your kill.
Unknown command.
There is an open door here.
You open the door.
A mummy comes into view.
Found a sand-covered staircase.
Casting: Necrotise (safe; 1% risk of failure)
Confirm with . or Enter, or press ? or * to list all spells.
Okay, then.
The mummy hits you!
There is an open door here.
You are too injured to fight recklessly!
You are too injured to fight recklessly!
You are too injured to fight recklessly!
You hit the mummy but do no damage. You hit the mummy.
The mummy is moderately damaged.
The mummy barely misses you.
You hit the mummy.
The mummy is heavily damaged.
The mummy barely misses you.
You completely miss the mummy.
The mummy is heavily damaged.
You hit the mummy but do no damage.
The mummy is heavily damaged.
The mummy hits you!
* * * LOW HITPOINT WARNING * * *
You closely miss the mummy.
The mummy is heavily damaged.
You hit the mummy but do no damage.
The mummy is heavily damaged.
The mummy hits you!
You die...

##. ..####. .. #
###.....##.$ . ##.
#.##.....#.# #
#..###'###......# #
#.......#.....###
###.....###....#..
#M##...##.##......
#..###@###.###'###...##
#.......................
####..##..........###...
#.# ############ ##..
... #.. #.. #.< #. ## ..


You could see a mummy.

Vanquished Creatures
  A scorpion (D:3)
  Robin (D:3)
  5 adders (D:3)
  3 river rats (D:3)
  2 worms (D:3)
  3 dart slugs
  An orc (D:3)
  4 ball pythons
  4 endoplasms
  4 giant cockroaches
  6 hobgoblins
  3 quokkas
  4 bats
  3 frilled lizards
  11 goblins
  A goblin zombie (D:4)
  10 kobolds
  An orc zombie (D:4)
  9 rats
  A spectral goblin (D:3)
77 creatures vanquished.

Vanquished Creatures (collateral kills)
  A worm (D:3)
  A ball python (D:2)
  3 hobgoblins (D:3)
5 creatures vanquished.

Vanquished Creatures (others)
  4 goblin zombies (D:3)
4 creatures vanquished.

Grand Total: 86 creatures vanquished

Notes
Turn   | Place    | Note
-------+----------+-------------------------------------------
     0 | D:1      | testman the Mummy Necromancer began the quest for the Orb.
     0 | D:1      | Reached XP level 1. HP: 13/13 MP: 4/4
   348 | D:1      | Reached XP level 2. HP: 19/19 MP: 3/6
  1282 | D:2      | Gained mutation: You are in touch with the powers of death.
                  | [Mummy growth]
  1282 | D:2      | Reached XP level 3. HP: 18/24 MP: 6/8
  1442 | D:2      | Learned a level 3 spell: Vampiric Draining
  2372 | D:3      | Found an opulent altar of Gozag.
  2372 | D:3      | Found a faded altar of an unknown god.
  2372 | D:3      | Found a shimmering altar of Xom.
  2382 | D:3      | Prayed at the altar of an unknown god.
  2382 | D:3      | Became a worshipper of Dithmenos the Shadowed
  2382 | D:3      | Reached * piety under Dithmenos
  2403 | D:3      | Found a bloodstained altar of Trog.
  2474 | D:3      | Found a faded altar of an unknown god.
  2497 | D:3      | Noticed a scorpion
  2504 | D:3      | Killed a scorpion
  2505 | D:3      | Reached skill level 5 in Necromancy
  2505 | D:3      | Reached XP level 4. HP: 24/30 MP: 5/10
  2599 | D:3      | Learned a level 4 spell: Animate Dead
  2725 | D:3      | Found a blossoming altar of Fedhas.
  2791 | D:3      | Found a hazy altar of Hepliaklqana.
  2793 | D:3      | Found a shadowy altar of Dithmenos.
  2794 | D:3      | Noticed a shadow
  2829 | D:3      | Noticed Robin
  2835 | D:3      | Reached XP level 5. HP: 35/35 MP: 3/12
  2886 | D:3      | Reached skill level 5 in Spellcasting
  2916 | D:3      | Killed Robin
  2943 | D:3      | Reached ** piety under Dithmenos
  3143 | D:3      | Reached skill level 1 in Invocations
  3313 | D:3      | Identified the -2 helmet of Zoiwk {Str+5 Dex+4}
  3906 | D:4      | Found a sand-covered staircase.
  3914 | D:4      | Slain by a mummy

Illustrated notes

Levels and vault maps discovered:
D:1:      amcnicky_arrival_choice, layout_loops_corners
D:2:      layout_loops_ring, minmay_cut_off
D:3:      layout_rooms, riverfiend_overflow_shadow_ancestor, marbit_many_paths,
          chequers_temple_overflow_minitemple,
          dreamdust_ecumenical_altar_drowned_temple, lightli_sewer_entry_pipes,
          uniq_robin
D:4:      cheibrodos_pilgrimage, layout_rooms, minmay_temple_entry_offerings,
          nicolae_ossuary_entry_giza, dreamdust_princess_bridge, uniq_edmund

Skill      XL: |  1  2  3  4  5 |
---------------+----------------+-----
Spellcasting   | 3 4 5 |  5.3
Necromancy     | 5 |  5.5
Invocations    | 1 |  1.4
Dodging        | |  1.5
Stealth        | |  1.5

Action                   |  1- 3 |  4- 6 || total
-------------------------+-------+-------++-------
Melee: Dagger            |    56 |   149 ||   205
       Punch             |     1 |     1 ||     2
 Cast: Necrotise         |    74 |    22 ||    96
       Animate Dead      |       |     3 ||     3
       Vampiric Draining |       |    12 ||    12
  Use: Scroll            |     3 |     1 ||     4
 Stab: Sleeping          |     4 |       ||     4
Armor: Robe              |    11 |    29 ||    40
Dodge: Dodged            |    51 |    94 ||   145

Table legend: (Time is in decaauts)
 A = Elapsed time spent in this place.
 B = Non-inter-level travel time spent in this place.
 C = Inter-level travel time spent in this place.
 D = Time resting spent in this place.
 E = Time spent auto-exploring this place.
 F = Levels seen in this place.
 G = Mean time per level.
                   A        B        C        D        E       F      G
               +--------+--------+--------+--------+--------+-----+--------+
         Total |   3949 |   3817 |    132 |    177 |   2892 |   4 |  987.2 |
       Dungeon |   3949 |   3817 |    132 |    177 |   2892 |   4 |  987.2 |
               +--------+--------+--------+--------+--------+-----+--------+

Top non-repeatable levels by time:
     D:3: 1340 daAuts
     D:2: 1270 daAuts
     D:1: 1269 daAuts
     D:4: 68 daAuts
